 Dungeon Crawl Stone Soup version 0.29-a0-542-g075992c915 (webtiles) character file.

Game seed: 2317765955589244168

192 spiderkeys the Ducker (level 5, -1/48 HPs)
             Began as a Deep Elf Abyssal Knight on June 5, 2022.
             Was a Priest of Lugonu.
             Slain by an orc
             ... wielding a +0 hand axe
              (4 damage)
             ... on level 4 of the Dungeon.
             The game lasted 00:05:58 (4271 turns).

spiderkeys the Ducker (Deep Elf Abyssal Knight)     Turns: 4271, Time: 00:05:59

Health: -1/48      AC: 22    Str: 10    XL:     5   Next: 42%
Magic:  3/10       EV:  2    Int: 17    God:    Lugonu [***...]
Gold:   246        SH:  0    Dex: 15    Spells: 6/8 levels left

rFire   . . .      SeeInvis .   a - +1 falchion
rCold   . . .      Faith    .   (no shield)
rNeg    . . .      Spirit   .   (body armour currently unavailable)
rPois   +          Reflect  .   (helmet currently unavailable)
rElec   .          Harm     .   (cloak currently unavailable)
rCorr   .          Rampage  .   (gloves currently unavailable)
Will    .....      NoTele   +   (boots currently unavailable)
Stlth   +.........              A - amulet of the acrobat
HPRegen 0.16/turn               (no ring)
MPRegen 0.12/turn               (no ring)

@: tree-form
A: stationary, stasis, torment immunity, boosted hp
a: Renounce Religion, Depart the Abyss, Bend Space, Banish


You were on level 4 of the Dungeon.
You worshipped Lugonu.
Lugonu was most pleased with you.
You were a tree.
You visited 1 branch of the dungeon, and saw 4 of its levels.
You visited the Abyss 1 time.

You collected 246 gold pieces.


   Skills:
 + Level 3.1 Fighting
 + Level 2.8 Long Blades
 - Level 1.0 Armour
 + Level 3.6 Dodging
 + Level 2.1 Spellcasting
 + Level 0.0 Conjurations
 - Level 1.0 Air Magic
 + Level 3.2 Invocations


You had 6 spell levels left.
You knew the following spells:

 Your Spells              Type           Power      Damage    Failure   Level
s - Static Discharge      Conj/Air       3%         N/A       24%         2

Your spell library contained the following spells:

 Spells                   Type           Power      Damage    Failure   Level
 Dispel Undead            Necr           1%         3d6       88%         4
 Sticky Flame             Conj/Fire      1%         2d3       88%         4

Inventory:

Hand Weapons
 a - a +1 falchion (weapon)
Missiles
 c - 110 stones
 j - a boomerang
Armour
 b - a +0 leather armour
   (You found it on level 2 of the Dungeon)
 k - a +0 robe
   (You found it on level 1 of the Dungeon)
 l - a +0 pair of gloves (melded)
   (You found it on level 2 of the Dungeon)
 m - a +0 scale mail
   (You took it off an orc on level 3 of the Dungeon)
 n - a +0 ring mail (melded)
   (You found it on level 2 of the Dungeon)
 o - a +0 scale mail
   (You took it off an orc on level 3 of the Dungeon)
 p - a +0 chain mail
   (You found it on level 3 of the Dungeon)
 r - a +0 ring mail
   (You took it off an orc on level 3 of the Dungeon)
Jewellery
 A - an amulet of the acrobat (around neck)
   (You found it on level 1 of the Dungeon)
Scrolls
 d - 4 scrolls of teleportation {@r4}
 e - 2 scrolls of amnesia
 f - a scroll of vulnerability {!r!r}
 h - a scroll of blinking {!r}
 s - a scroll of immolation {!r!r}
 t - a scroll of identify {@r1}
Potions
 g - 2 potions of lignification {!q}
 i - a potion of curing {unknown}
 q - a potion of flight
 u - a potion of heal wounds {unknown}

Dungeon Overview and Level Annotations

Branches:
Dungeon (4/15)
 Temple: D:4-7

Altars:

Shops:
D:1 [

Annotations:
D:2 Terence

.# #.# .###'## ......#####
..<.......# ..........#
######## ..........#
####......
..........######......#####
..........'..............>.
.###.#....#####.♣......#.##
.###.#....# #Oo†.....#
..........# #........#
.####.##### #..!.....# .#
#..# #.#####..# .# ##.# #:#
... ## .. #.# ...# ..# #.#
..# #.#


You could see an ogre and an orc.


Message History

You closely miss the phantom.
The phantom hits you but does no damage.
You slash the phantom!
You destroy the phantom!
Lugonu accepts your kill.
Your Spellcasting skill increases to level 2!
Your Invocations skill increases to level 3!
You have reached level 5! 😮 HP[+2]
You now have 32 max hp (+4).
You regained 2 hp, and now have 18/32 hp.
Key pressed, stopping explore.
Key pressed, stopping explore.
Key pressed, stopping explore.
You now have 246 gold pieces (gained 12).
You open the door. You open the door.
There is an open door here.
Key pressed, stopping explore.
You see here a +0 spear.
Key pressed, stopping explore.
You open the door.
There is an open door here.
You open the door.
There is an open door here.
A hobgoblin comes into view.
The hobgoblin shouts! 😎 HP[+14] MP[+2]
Your hp is fully restored (32).
Your mp is fully restored (10).
An orc and an ogre come into view.
The ogre shouts!
The hobgoblin completely misses you.
You hit the hobgoblin.
You kill the hobgoblin!
Lugonu accepts your kill.
Press: ? - help, Shift-Dir - straight line, f - ogre
Aim: an ogre, wielding a +0 giant club (chance to affect: 81%)
You fail to use your ability.
The ogre hits you with a +0 giant club!!
Ouch! That really hurt!
* * * LOW HITPOINT WARNING * * *
😨 HP[-22]
You take 22 damage, and now have 10/32 hp.
MASSIVE DAMAGE!! (PAUSE) Space bends violently around you!
You blink.
Found a stone staircase leading down. 😱 HP[-2] MP[-1]
You take 2 damage, and now have 8/32 hp.
You lost 1 mp, and now have 9/10 mp.
Unknown command.
Unknown command.
Space bends violently around you!
You blink. 😱 HP[-2] MP[-1]
You take 2 damage, and now have 6/32 hp.
You lost 1 mp, and now have 8/10 mp.
Unknown command.
Press: ? - help, Shift-Dir - straight line, f/p - ogre
Aim: an ogre, wielding a +0 giant club (chance to affect: 81%)
Okay, then.
Okay, then.
Okay, then.
Okay, then.
Space bends violently around you!
You blink. 😱 HP[-2] MP[-1]
You take 2 damage, and now have 4/32 hp.
You lost 1 mp, and now have 7/10 mp.
Press: ? - help, Shift-Dir - straight line, f/p - ogre
Aim: an ogre, wielding a +0 giant club (chance to affect: 81%)
You fail to use your ability.
Press: ? - help, Shift-Dir - straight line, f/p - ogre
Aim: an ogre, wielding a +0 giant club (chance to affect: 81%)
You fail to use your ability.
Press: ? - help, Shift-Dir - straight line, f/p - ogre
Aim: an ogre, wielding a +0 giant club (chance to affect: 81%)
The ogre barely resists.
The ogre closely misses you. 😱 MP[-4]
You lost 4 mp, and now have 3/10 mp.
Unknown command.
Space bends violently around you!
You blink. 😱 HP[-2] MP[-1]
You take 2 damage, and now have 2/32 hp.
You lost 1 mp, and now have 2/10 mp.
Unknown command.
It was a potion of lignification.
You turn into a tree.
Your +0 pair of gloves melds into your body.
Your +0 ring mail melds into your body.
Your roots penetrate the ground. 😱 HP[+2] MP[+1]
You now have 48 max hp (+16).
You regained 2 hp, and now have 4/48 hp.
It was a potion of flight.
Your roots keep you in place.
You hit the orc. The orc hits you but does no damage. x2
You fail to use your ability.
The ogre hits you with a +0 giant club.
* * * LOW HITPOINT WARNING * * *
The orc hits you with a +0 hand axe.
You die...

Skill      XL: |  1  2  3  4 |
---------------+-------------+-----
Armour         | 1 |  1.0
Long Blades    | 2 |  2.8
Dodging        | 3 |  3.6
Spellcasting   | 1 2 |  2.1
Air Magic      | 1 |  1.0
Fighting       | 3 |  3.1
Invocations    | 3 |  3.2

Action                   |  1- 3 |  4- 6 || total
-------------------------+-------+-------++-------
Melee: Falchion          |   172 |    51 ||   223
       Punch             |     2 |     1 ||     3
Throw: Boomerang         |       |     3 ||     3
Invok: Bend Space        |     3 |     4 ||     7
       Banish            |       |     1 ||     1
  Use: Scroll            |     3 |     2 ||     5
       Potion            |       |     2 ||     2
Armor: Leather armour    |    42 |       ||    42
       Ring mail         |    21 |    16 ||    37
       Skin              |       |     2 ||     2
Dodge: Dodged            |   154 |    34 ||   188

Levels and vault maps discovered:
D:1:      dpeg_arrival_tiny_k, layout_loops_ring,
          shapermc_ecumenical_altar_ellora, serial_shops, nicolae_diamond_shop
D:2:      minmay_roachtagon, layout_loops_corners, uniq_terence
D:3:      layout_loops_cross
D:4:      layout_basic

Notes
Turn   | Place    | Note
-------+----------+-------------------------------------------
     0 | Abyss:1  | spiderkeys the Deep Elf Abyssal Knight began the quest for
                  | the Orb.
     0 | Abyss:1  | Reached XP level 1. HP: 13/13 MP: 4/4
     0 | Abyss:1  | magus.rc [v1.11.3]
    94 | Abyss:1  | Found a corrupted altar of Lugonu.
    99 | D:1      | You pass through the gate.
    99 | D:1      | Escaped the Abyss
   359 | D:1      | Reached skill level 1 in Armour
   408 | D:1      | You fall into a shaft and drop 1 floor!
   485 | D:2      | Reached XP level 2. HP: 18/18 MP: 5/5
   535 | D:2      | Noticed Terence
   572 | D:2      | Reached skill level 2 in Long Blades
  1007 | D:1      | Reached *** piety under Lugonu
  1056 | D:1      | Found Qouleniw's Armour Shoppe.
  1162 | D:1      | Found a faded altar of an unknown god.
  1332 | D:2      | Reached XP level 3. HP: 21/22 MP: 6/6
  1382 | D:2      | You pick up a book of Touch and begin reading...
  1382 | D:2      | You add the spells Static Discharge, Sticky Flame and
                  | Dispel Undead to your library.
  1386 | D:2      | Learned a level 2 spell: Static Discharge
  1807 | D:2      | Reached skill level 3 in Dodging
  2545 | D:2      | HP: 3/22 [Terence/+0 trident (6)]
  3047 | D:3      | Reached skill level 1 in Spellcasting
  3244 | D:3      | Reached XP level 4. HP: 22/27 MP: 8/8
  3502 | D:3      | Reached skill level 1 in Air Magic
  3850 | D:3      | Reached skill level 3 in Fighting
  4034 | D:4      | Noticed a phantom
  4054 | D:4      | Killed a phantom
  4055 | D:4      | Reached skill level 2 in Spellcasting
  4055 | D:4      | Reached skill level 3 in Invocations
  4055 | D:4      | Reached XP level 5. HP: 18/32 MP: 8/10
  4255 | D:4      | Noticed an ogre
  4271 | D:4      | HP: 3/48 [ogre/+0 giant club (2)]
  4271 | D:4      | Slain by an orc

Vanquished Creatures
  A phantom (D:4)
  An orc priest (D:3)
  An adder (D:3)
  3 dart slugs
  4 orcs (D:3)
  11 bats
  3 endoplasms
  15 giant cockroaches
  2 goblins (D:3)
  4 hobgoblins
  4 jackals
  A quokka (D:1)
  7 ball pythons
  3 frilled lizards
  3 kobolds (D:1)
  3 rats
66 creatures vanquished.

Table legend:
 A = Non-vault XP
 B = Vault XP
 C = Vault XP percentage of total XP
 D = Non-vault monster count
 E = Vault monster count
 F = Vault count percentage of total count
                 A         B        C        D         E       F
            +---------+---------+-------+---------+---------+-------
      Total |     253 |      22 |   8.0 |      55 |      11 |  16.7
            +---------+---------+-------+---------+---------+-------
        D:1 |      37 |       0 |   0.0 |      23 |       0 |   0.0
        D:2 |      19 |      22 |  53.7 |      12 |      11 |  47.8
        D:3 |      88 |       0 |   0.0 |      17 |       0 |   0.0
        D:4 |     109 |       0 |   0.0 |       3 |       0 |   0.0
            +---------+---------+-------+---------+---------+-------

Illustrated notes

Table legend:
 A = Kills in this place as a percentage of kills in entire the game.
 B = Kills by you in this place as a percentage of kills by you in the entire game.
 C = Kills by friends in this place as a percentage of kills by friends in the entire game.
 D = Other kills in this place as a percentage of other kills in the entire game.
 E = Experience gained in this place as a percentage of experience gained in the entire game.
 F = Experience gained in this place divided by the number of levels of this place that you have seen.
                   A       B       C       D       E      F
               +-------+-------+-------+-------+-------+----------------------
         Total | 100.0 | 100.0 |   N/A |   N/A | 100.0 |  55.0
       Dungeon | 100.0 | 100.0 |   N/A |   N/A | 100.0 |  68.8
               +-------+-------+-------+-------+-------+----------------------

Table legend: (Time is in decaauts)
 A = Elapsed time spent in this place.
 B = Non-inter-level travel time spent in this place.
 C = Inter-level travel time spent in this place.
 D = Time resting spent in this place.
 E = Time spent auto-exploring this place.
 F = Levels seen in this place.
 G = Mean time per level.
                   A        B        C        D        E       F      G
               +--------+--------+--------+--------+--------+-----+--------+
         Total |   4316 |   4231 |     85 |    851 |   2651 |   5 |  863.2 |
       Dungeon |   4217 |   4132 |     85 |    851 |   2595 |   4 | 1054.2 |
         Abyss |     99 |     99 |      0 |      0 |     56 |   1 |   99.0 |
               +--------+--------+--------+--------+--------+-----+--------+

Top non-repeatable levels by time:
     D:1: 1702 daAuts
     D:2: 1158 daAuts
     D:3: 1070 daAuts
     D:4: 286 daAuts
 Abyss:1: 99 daAuts
